[Event "Paris GCT Rapid"]
[Site "Paris"]
[Date "2017.06.22"]
[Round "4"]
[White "Topalov, Veselin"]
[Black "Grischuk, Alexander"]
[Result "0-1"]
[ECO "C11"]
[WhiteElo "2749"]
[BlackElo "2761"]
[PlyCount "136"]
[EventDate "2017.06.21"]
[EventType "tourn (rapid)"]
[EventRounds "9"]
[EventCountry "FRA"]
[EventCategory "22"]
[SourceTitle "CBM 179"]
[Source "ChessBase"]
[SourceDate "2017.07.12"]
[SourceVersion "1"]
[SourceVersionDate "2017.07.12"]
[SourceQuality "1"]
[TimeControl "1500"]

1. e4 e6 2. d4 d5 3. Nc3 Nf6 4. e5 Nfd7 5. f4 c5 6. Nf3 Nc6 7. Be3 cxd4 8. Nxd4 Qb6 9. Qd2 Qxb2 10. Rb1 Qa3 11. Bb5 Nxd4 12. Bxd4 a6 13. Rb3 (13. Bxd7+ Bxd7 14. Rb3 Qe7 15. Rxb7 Qd8 16. O-O
Rb8 17. Rxb8 Qxb8 18. f5 Qc8 19. f6 gxf6 20. Qf4 Qc4 21. exf6 Rg8 22. Nxd5 exd5
23. Re1+ Kd8 24. Qb8+ Bc8 25. Qa7 Be6 26. Bb6+ Kc8 27. Qa8+ Kd7 28. Qb7+ Kd6
29. Ba7 Rxg2+ 30. Kxg2 Qg4+ 31. Kh1 Qf3+ 32. Kg1 Qg4+ 33. Kh1 Qf3+ {1/2-1/2 
(33) Caruana,F (2795)-Robson,R (2663) Saint Louis 2016}) 13... Qe7 14. Ba4 Qd8 15. Bb6 Qh4+ 16. g3 Qg4 {[%emt 0:04:15] [#]} 17. O-O
$146 (17. Nd1 Be7 18. Nf2 Qg6 19. Rc3 O-O 20. Bxd7 Bxd7 21.
Rc7 Bd8 22. Rxd7 Bxb6 23. Rxb7 Rab8 24. Rxb8 Rxb8 25. O-O h5 26. Kg2 Rc8 27.
Nd3 Qe4+ 28. Kh3 Be3 29. Qe2 Qf5+ 30. Kg2 d4 31. Rb1 g6 32. Rb2 a5 33. a4 Kg7
34. h3 Qe4+ 35. Qf3 Qxf3+ 36. Kxf3 Rc4 37. Ra2 g5 38. fxg5 Bxg5 39. h4 Be3 40.
Ke4 Kh6 41. Kf3 Kg7 42. Ke4 Kg6 43. Nf4+ Bxf4 44. gxf4 d3+ 45. Kxd3 Rxf4 46. c4
Kf5 {Grischuk,A (2763)-Morozevich,A (2770) Astana 2012 1-0}) 17... Be7 18. f5 O-O 19. Rf4 Bg5 20. Rxg4 Bxd2 21. Bxd7 Bxd7 22. f6 g6 23. Nd1 Rfc8 24. c3 h5 25. Rd4 Bh6 26.
Kf2 a5 27. Rb2 a4 28. Rd3 a3 29. Rb1 Ba4 30. Ne3 Rc6 31. Bd4 b5 32. h4 Rac8 33. Ke2 Kf8 34. Kf2 Ke8 35. Ke2 Kd7 36. Kf2 Kc7 37. Kf3 Kb7 38. Kf2 Ka6 39. Kf3 R8c7 40. Kf2 Rb7 41. g4 hxg4 42. Kg3 Bf8 43. Kxg4 b4 44. cxb4 Rxb4 45. Rxb4 Bxb4 46. Kg5 Bf8 47. h5 gxh5 48. Kxh5 Rc1 49. Rd2 Rh1+ 50. Kg4 Bb4 51. Rg2 Bb5 52. Rc2 Kb7 53. Bc5 Bxc5 54. Rxc5 Be2+ 55. Kg3 Ra1 56. Rc2 Bb5 57. Kf4 d4 58. Nc4 Bxc4 59. Rxc4 Rxa2 60. Rxd4 Ra1 61. Rd2 a2 62. Rf2 Kc6 63. Rc2+ Kd5 64. Rd2+ Kc4 65. Rf2 Kd3 66. Rf3+ Ke2 67. Re3+ Kd2 68. Rf3 Re1 0-1

[Event "Paris GCT Rapid"]
[Site "Paris"]
[Date "2017.06.22"]
[Round "5"]
[White "Grischuk, Alexander"]
[Black "Nakamura, Hikaru"]
[Result "0-1"]
[ECO "D02"]
[WhiteElo "2761"]
[BlackElo "2785"]
[PlyCount "180"]
[EventDate "2017.06.21"]
[EventType "tourn (rapid)"]
[EventRounds "9"]
[EventCountry "FRA"]
[EventCategory "22"]
[SourceTitle "CBM 179"]
[Source "ChessBase"]
[SourceDate "2017.07.12"]
[SourceVersion "1"]
[SourceVersionDate "2017.07.12"]
[SourceQuality "1"]
[TimeControl "1500"]

1. d4 Nf6 2. Bf4 e6 3. e3 c5 4. Nf3 d5 5. Nbd2 Nc6 6. c3 cxd4 7. exd4 Nh5 8. Be3 Bd6 9. g3 O-O 10. Bd3 f5 11. Ne5 Nf6 12. Ndf3 Bd7 13.
Bf4 Be8 14. Qe2 Qe7 15. Nxc6 bxc6 16. Bxd6 Qxd6 17. Qe5 Qd7 18. Qf4 Qb7 19. Rb1 Bh5 20. Ne5 Qc7 21. O-O c5 22. Rfe1 c4 23. Bf1 Rfc8 24. b3 cxb3 25. Rxb3 Rab8 26. c4 Rxb3 27. axb3 Rb8 28. Rc1 Rc8 29. c5 Be8 30. Ba6 Rb8 31. Nd3 Qxf4 32. Nxf4 Bc6 33. Nxe6 Kf7 34. Ng5+ Ke7 35. Nf3 Kd8 36. Ne5 Kc7 37. Bd3 Rxb3 38. Ra1 Kb7 39. Bxf5 Bb5 40. Nf7 Rb4 41. Nd6+ Kb8
42. Kg2 g6 43. Be6 Bd3 44. Ra3 Rxd4 45. Rb3+ Kc7 46.
Rb7+ Kc6 47. Rxa7 Kxc5 48. Nf7 Be4+ 49. Kh3 Rd2 50. Ng5 Rxf2 51. Nxh7 Nxh7 52. Rxh7 g5 53. Rg7 Rf6 54. Bxd5 Kxd5 55. Kg4 Rf2 56. Kxg5 Ke6 57. g4 Rxh2 58. Ra7 Rh8 59. Rg7 Bd5 60. Rg6+ Ke5 61. Rg7 Be6 62. Rg6 Rh1 63. Rg7 Bxg4 64. Re7+ Be6 65. Rg7 Rh2 66. Rg6 Rh7 67. Rh6 Rf7 68. Rg6 Ra7 69. Kh6 Bf5 70. Rg7 Ra4 71. Kg5 Be6 72. Rg6 Ra7 73. Kh6 Kf5 74. Rg5+ Kf4 75. Rg7 Ra8 76. Kg6 Bf5+ 77. Kf6 Ra6+ 78. Ke7 Ke5 79. Kf7 Rb6 80. Ke7 Bg6 81. Kf8 Kf6 82. Rf7+ Kg5 83. Rg7 Kh6 84. Rc7 Re6 85. Re7 Rf6+ 86. Kg8 Bf5 87. Re8 Bd7 88. Rd8 Be6+ 89. Kh8 Kg6 90. Re8 Kf7 0-1